General information
- name: BNet
- type: Ladder team game (AT/RT)
- host: Battle.net
- saver: DanielCormier
map: Deadlock_LV
- players: 8
- length: 13:03
- speed: Fast
- version: 1.30 W3XP
- replay type: Public
» download(182 KB)
Players
team 1 (loser)
Valm[o]nt (
purple | 54 APM | 676 actions | 12:25)
2 Far Seer
1 Feral Spirit
1 Chain Lighting
1 Shadow Hunter
1 Hex
» actions
| Basic commands | 38 | |
| Build / train | 30 | |
| Enter build submenu | 11 | |
| Enter hero's abilities submenu | 3 | |
| Give item / drop item | 1 | |
| Remove unit from queue | 1 | |
| Right click | 369 | |
| Select / deselect | 192 | |
| Use ability | 31 | |
676 total
» units
| Peon | 8 | |
| Wind Rider | 6 | |
| Shaman | 1 | |
| Troll Batrider | 1 | |
16 total
» upgrades
| Reinforced Defenses | 1 | |
| Shaman Training | 1 | |
2 total
» buildings
| Altar of Storms | 1 | |
| Orc Burrow | 4 | |
| Stronghold | 1 | |
| War Mill | 1 | |
| Beastiary | 2 | |
| Voodoo Lounge | 1 | |
| Spirit Lodge | 1 | |
| Fortress | 2 | |
13 total
» build order
00:14 Altar of Storms
00:22 Orc Burrow
01:51 Stronghold
02:02 War Mill
02:07 Orc Burrow
04:23 Beastiary
04:24 Beastiary
04:26 Orc Burrow
04:36 Voodoo Lounge
07:19 Spirit Lodge
08:58 Orc Burrow
10:46 Fortress
10:46 Fortress
» items
| Scroll of Regeneration | 1 | |
| Lesser Clarity Potion | 1 | |
| Potion of Mana | 1 | |
3 total

»
teamkillacct (
blue | 107 APM | 1343 actions | 12:31)
5 Paladin
3 Holy Light
2 Divine Shield
» actions
| Assign group hotkey | 15 | |
| Basic commands | 10 | |
| Build / train | 56 | |
| ESC pressed | 3 | |
| Enter build submenu | 21 | |
| Enter hero's abilities submenu | 5 | |
| Right click | 762 | |
| Select / deselect | 214 | |
| Select group hotkey | 213 | |
| Use ability | 44 | |
1343 total
» units
» upgrades
» buildings
| Blacksmith | 1 | |
| Barracks | 1 | |
| Altar of Kings | 1 | |
| Farm | 10 | |
| Scout Tower | 4 | |
| Arcane Tower | 2 | |
| Town Hall | 1 | |
| Keep | 1 | |
| Arcane Vault | 1 | |
| Lumber Mill | 1 | |
| Arcane Sanctum | 1 | |
24 total
» build order
00:35 Blacksmith
00:39 Barracks
00:44 Altar of Kings
00:52 Farm
01:32 Farm
02:23 Scout Tower
02:35 Farm
03:00 Arcane Tower
03:14 Farm
04:34 Town Hall
04:41 Scout Tower
05:24 Farm
05:29 Arcane Tower
07:02 Keep
07:33 Farm
07:34 Farm
07:56 Arcane Vault
08:48 Farm
09:07 Lumber Mill
09:23 Farm
10:03 Farm
11:09 Arcane Sanctum
11:58 Scout Tower
12:02 Scout Tower
» items

»
TheTasteOfMetal (
red | 73 APM | 954 actions | 13:02)
3 Goblin Tinker
1 Pocket Factory
1 Engineering Upgrade
1 Cluster Rockets
» actions
| Assign group hotkey | 65 | |
| Basic commands | 8 | |
| Build / train | 52 | |
| ESC pressed | 16 | |
| Enter build submenu | 33 | |
| Enter hero's abilities submenu | 3 | |
| Right click | 376 | |
| Select / deselect | 173 | |
| Select group hotkey | 137 | |
| Use ability | 91 | |
954 total
» units
| Peasant | 24 | |
| Dragonhawk Rider | 3 | |
| Priest | 1 | |
| Spell Breaker | 6 | |
34 total
» upgrades
| Masonry | 1 | |
| Lumber Harvesting | 1 | |
| Priest Training | 1 | |
| Swords | 1 | |
| Plating | 1 | |
| Cloud | 1 | |
| Control Magic | 1 | |
7 total
» buildings
| Altar of Kings | 1 | |
| Farm | 14 | |
| Scout Tower | 13 | |
| Lumber Mill | 1 | |
| Arcane Vault | 1 | |
| Keep | 1 | |
| Town Hall | 1 | |
| Blacksmith | 1 | |
| Guard Tower | 2 | |
| Arcane Tower | 1 | |
| Gryphon Aviary | 2 | |
| Arcane Sanctum | 3 | |
| Castle | 1 | |
42 total
» build order
00:20 Altar of Kings
00:26 Farm
00:28 Farm
01:03 Scout Tower
01:27 Lumber Mill
02:16 Scout Tower
02:24 Scout Tower
03:06 Farm
03:09 Farm
03:10 Farm
04:07 Arcane Vault
04:22 Keep
05:25 Town Hall
05:38 Scout Tower
05:41 Scout Tower
05:44 Scout Tower
05:49 Scout Tower
05:50 Scout Tower
05:53 Scout Tower
06:03 Blacksmith
06:13 Guard Tower
06:37 Guard Tower
06:40 Arcane Tower
07:36 Gryphon Aviary
08:02 Gryphon Aviary
08:46 Arcane Sanctum
08:47 Arcane Sanctum
08:53 Arcane Sanctum
09:11 Castle
10:47 Farm
10:48 Farm
10:48 Farm
10:49 Farm
11:26 Scout Tower
11:33 Scout Tower
11:34 Scout Tower
11:35 Scout Tower
12:23 Farm
12:25 Farm
12:25 Farm
12:30 Farm
12:31 Farm
» items
| Scroll of Regeneration | 1 | |
| Lesser Clarity Potion | 1 | |
2 total

»
FABOLOUS (
teal | 158 APM | 1972 actions | 12:29)
2 Mountain King
1 Storm Bolt
1 Thunder Clap
» actions
| Assign group hotkey | 9 | |
| Basic commands | 101 | |
| Build / train | 35 | |
| ESC pressed | 4 | |
| Enter build submenu | 21 | |
| Enter hero's abilities submenu | 2 | |
| Remove unit from queue | 2 | |
| Right click | 638 | |
| Select / deselect | 196 | |
| Select group hotkey | 909 | |
| Use ability | 54 | |
1972 total
» units
| Peasant | 11 | |
| Footman | 7 | |
| Dragonhawk Rider | 1 | |
| Gryphon Rider | 1 | |
20 total
» buildings
| Altar of Kings | 1 | |
| Farm | 5 | |
| Blacksmith | 2 | |
| Barracks | 1 | |
| Lumber Mill | 1 | |
| Arcane Vault | 1 | |
| Scout Tower | 3 | |
| Arcane Tower | 1 | |
| Keep | 1 | |
| Town Hall | 1 | |
| Gryphon Aviary | 2 | |
| Castle | 1 | |
| Guard Tower | 1 | |
21 total
» build order
00:06 Altar of Kings
00:19 Farm
00:59 Blacksmith
01:06 Barracks
01:21 Lumber Mill
01:31 Farm
02:09 Arcane Vault
02:20 Scout Tower
03:01 Arcane Tower
03:17 Farm
03:20 Keep
03:54 Blacksmith
04:33 Farm
05:17 Town Hall
06:20 Gryphon Aviary
06:21 Castle
06:27 Gryphon Aviary
06:46 Scout Tower
07:30 Guard Tower
08:57 Scout Tower
09:09 Farm
» items
| Scroll of Regeneration | 3 | |
| Lesser Clarity Potion | 2 | |
| Potion of Healing | 1 | |
6 total
team 2 (winner)
DanielCormier (
yellow | 168 APM | 2192 actions | 13:03)
4 Far Seer
2 Feral Spirit
2 Chain Lighting
3 Shadow Hunter
2 Hex
1 Healing Wave
» actions
| Assign group hotkey | 22 | |
| Basic commands | 137 | |
| Build / train | 37 | |
| ESC pressed | 1 | |
| Enter build submenu | 13 | |
| Enter hero's abilities submenu | 7 | |
| Give item / drop item | 1 | |
| Remove unit from queue | 1 | |
| Right click | 911 | |
| Select / deselect | 403 | |
| Select group hotkey | 605 | |
| Use ability | 54 | |
2192 total
» units
» upgrades
| Envenomed Spears | 1 | |
| Reinforced Defenses | 1 | |
2 total
» buildings
| Altar of Storms | 1 | |
| Orc Burrow | 4 | |
| Barracks | 1 | |
| Voodoo Lounge | 1 | |
| War Mill | 2 | |
| Great Hall | 1 | |
| Stronghold | 2 | |
| Beastiary | 2 | |
| Fortress | 1 | |
15 total
» build order
00:03 Altar of Storms
00:06 Orc Burrow
00:24 Barracks
01:41 Orc Burrow
01:54 Voodoo Lounge
02:44 War Mill
03:56 Great Hall
04:07 Stronghold
04:07 Stronghold
05:19 Orc Burrow
06:50 Beastiary
06:51 Beastiary
07:26 Fortress
10:42 Orc Burrow
11:38 War Mill
» items
| Healing Salve | 2 | |
| Lesser Clarity Potion | 1 | |
| Scroll of Town Portal | 1 | |
4 total
fumbler (
green | 70 APM | 909 actions | 13:02)
4 Tauren Chieftain
2 Endurance Aura
2 War Stomp
» actions
| Assign group hotkey | 34 | |
| Basic commands | 1 | |
| Build / train | 60 | |
| ESC pressed | 6 | |
| Enter build submenu | 21 | |
| Enter hero's abilities submenu | 4 | |
| Right click | 428 | |
| Select / deselect | 263 | |
| Select group hotkey | 49 | |
| Use ability | 43 | |
909 total
» units
| Peon | 15 | |
| Grunt | 4 | |
| Troll Headhunter/Berserker | 21 | |
| Demolisher | 2 | |
| Wind Rider | 2 | |
44 total
» upgrades
| Armor | 1 | |
| Pillage | 1 | |
| Ranged Weapons | 1 | |
3 total
» buildings
| Altar of Storms | 1 | |
| Orc Burrow | 4 | |
| Barracks | 1 | |
| War Mill | 2 | |
| Watch Tower | 3 | |
| Great Hall | 1 | |
| Voodoo Lounge | 1 | |
| Stronghold | 1 | |
| Fortress | 2 | |
| Beastiary | 1 | |
17 total
» build order
00:05 Altar of Storms
00:18 Orc Burrow
00:48 Barracks
01:34 Orc Burrow
01:46 War Mill
02:40 Orc Burrow
04:18 Watch Tower
04:49 Great Hall
04:53 Voodoo Lounge
05:21 Watch Tower
07:21 Stronghold
08:49 Orc Burrow
10:14 Fortress
10:14 Fortress
10:19 Watch Tower
11:33 Beastiary
12:08 War Mill
» items
| Healing Salve | 2 | |
| Circlet of Nobility | 1 | |
3 total
Sanite (
pink | 69 APM | 902 actions | 13:02)
4 Archmage
2 Blizzard
2 Brilliance Aura
2 Paladin
1 Holy Light
1 Divine Shield
1 Blood Mage
1 Flame Strike
» actions
| Assign group hotkey | 35 | |
| Basic commands | 64 | |
| Build / train | 56 | |
| Enter build submenu | 25 | |
| Enter hero's abilities submenu | 7 | |
| Give item / drop item | 1 | |
| Remove unit from queue | 3 | |
| Right click | 310 | |
| Select / deselect | 217 | |
| Select group hotkey | 126 | |
| Use ability | 58 | |
902 total
» units
| Peasant | 18 | |
| Footman | 4 | |
| Rifleman | 5 | |
| Harpy Rogue | 1 | |
| Centaur Outrunner | 1 | |
| Priest | 2 | |
31 total
» upgrades
| Lumber Harvesting | 1 | |
| Gunpowder | 2 | |
| Priest Training | 1 | |
| Armor | 1 | |
| Animal War Training | 2 | |
| Long Rifles | 1 | |
| Swords | 1 | |
9 total
» buildings
| Altar of Kings | 1 | |
| Barracks | 2 | |
| Farm | 10 | |
| Arcane Vault | 1 | |
| Keep | 1 | |
| Town Hall | 1 | |
| Scout Tower | 2 | |
| Lumber Mill | 1 | |
| Blacksmith | 1 | |
| Castle | 1 | |
| Arcane Sanctum | 2 | |
| Gryphon Aviary | 3 | |
26 total
» build order
00:05 Altar of Kings
00:18 Barracks
00:21 Farm
00:58 Farm
01:32 Farm
01:34 Farm
03:32 Arcane Vault
03:45 Keep
03:51 Barracks
04:27 Town Hall
04:34 Scout Tower
04:36 Scout Tower
05:03 Lumber Mill
05:11 Blacksmith
05:46 Farm
07:33 Farm
07:34 Farm
07:35 Farm
07:36 Farm
07:38 Farm
08:41 Castle
08:45 Arcane Sanctum
08:49 Arcane Sanctum
10:48 Gryphon Aviary
10:53 Gryphon Aviary
10:58 Gryphon Aviary
» items
GOGOSING (
orange | 131 APM | 1712 actions | 13:02)
4 Tauren Chieftain
2 War Stomp
2 Endurance Aura
1 Shadow Hunter
1 Healing Wave
» actions
| Assign group hotkey | 37 | |
| Basic commands | 257 | |
| Build / train | 69 | |
| Enter build submenu | 16 | |
| Enter hero's abilities submenu | 5 | |
| Give item / drop item | 2 | |
| Right click | 651 | |
| Select / deselect | 266 | |
| Select group hotkey | 353 | |
| Use ability | 56 | |
1712 total
» units
| Peon | 18 | |
| Troll Headhunter/Berserker | 14 | |
| Kodo Beast | 1 | |
33 total
» upgrades
| Ranged Weapons | 3 | |
| Troll Regeneration | 1 | |
| Reinforced Defenses | 1 | |
| Berserker Upgrade | 1 | |
| War Drums Damage Increase | 1 | |
7 total
» buildings
| War Mill | 1 | |
| Orc Burrow | 6 | |
| Barracks | 1 | |
| Altar of Storms | 1 | |
| Voodoo Lounge | 1 | |
| Great Hall | 1 | |
| Stronghold | 1 | |
| Fortress | 2 | |
| Beastiary | 1 | |
| Spirit Lodge | 2 | |
17 total
» build order
00:06 War Mill
00:17 Orc Burrow
00:37 Barracks
01:08 Altar of Storms
01:35 Orc Burrow
02:23 Voodoo Lounge
04:45 Great Hall
05:04 Stronghold
05:11 Orc Burrow
05:35 Orc Burrow
07:52 Fortress
07:52 Fortress
09:07 Beastiary
09:08 Orc Burrow
10:49 Orc Burrow
12:30 Spirit Lodge
12:33 Spirit Lodge
» items
| Healing Salve | 5 | |
| Lesser Clarity Potion | 2 | |
| Scroll of Speed | 2 | |
| Potion of Healing | 1 | |
| Potion of Mana | 1 | |
| Orb of Lightning | 1 | |
12 total
Chat log
(00:38 / Allies) fumbler: grunt rush?/
(01:01 / Allies) fumbler: tc grunts here
(05:48 / Allies) GOGOSING: GOIGN
(06:00 / Allies) GOGOSING: WHY TP
(06:15 / Allies) DanielCormier: they were going to hex bolt
(06:30 / Allies) GOGOSING: NO MANA THEY WERE
(06:36 / Allies) DanielCormier: he clarited
(06:46 / Allies) GOGOSING: K